 Dungeon Crawl Stone Soup version 0.30-a0-782-ge64f9170bb (webtiles) character file.

Game seed: 18195541520650591799

732 CrazyBamboolord the Grave Robber (level 7, -2/55 HPs)
             Began as a Ghoul Necromancer on Mar 2, 2023.
             Slain by a wight
             ... wielding a +0 dagger
              (5 damage)
             ... on level 6 of the Dungeon.
             The game lasted 00:15:23 (6198 turns).

CrazyBamboolord the Grave Robber (GhNe)             Turns: 6198, Time: 00:15:24

Health: -2/55      AC: 11    Str: 12    XL:     7   Next: 73%
Magic:  10/12      EV: 12    Int: 12    God:
Gold:   258        SH:  5    Dex:  9    Spells: 1/14 levels left

rFire   . . .      SeeInvis .    (no weapon)
rCold   + . .      Faith    .    (no shield)
rNeg    + + +      Spirit   .    a - +0 robe
rPois   ∞          Reflect  +    (no helmet)
rElec   .          Harm     .    q - +0 cloak
rCorr   .          Rampage  .    c - +2 pair of gloves
Will    .....                    x - +0 pair of boots
Stlth   ++                       v - amulet of reflection
HPRegen 0.00/turn                m - +4 ring of protection
MPRegen 0.13/turn                (no ring)

@: inhibited regen
A: claws 1, cold resistance 1, negative energy resistance 3, inhibited
regeneration, torment resistance 2, devour on kill
a: no special abilities


You were on level 6 of the Dungeon.
You visited 1 branch of the dungeon, and saw 6 of its levels.

You collected 258 gold pieces.

Inventory:

Armour
 a - a +0 robe (worn)
 c - a +2 pair of gloves (worn)
 q - a +0 cloak (worn)
 x - a +0 pair of boots (worn)
Jewellery
 m - a +4 ring of protection (left hand)
 r - an amulet of the acrobat
 s - an amulet of faith
 v - an amulet of reflection (around neck)
Scrolls
 f - 2 scrolls of amnesia
Potions
 b - a potion of magic
 d - 2 potions of lignification {unknown}
 e - 4 potions of curing
 g - a potion of haste
 h - a potion of resistance {unknown}
 i - a potion of invisibility {unknown}
 j - 2 potions of attraction {unknown}
 k - 2 potions of flight {unknown}
 l - a potion of ambrosia {unknown}
 t - a potion of might {unknown}
 w - 3 potions of mutation {unknown}
 z - a potion of degeneration {unknown}


   Skills:
 * Level 2.1 Fighting
 * Level 3.1 Dodging
 + Level 2.3 Stealth
 + Level 0.1 Shields
 * Level 4.4 Spellcasting
 * Level 6.7 Necromancy


You had one spell level left.
You knew the following spells:

 Your Spells              Type           Power      Damage    Failure   Level
a - Necrotise             Necr           72%        1d7       1%          1
b - Vampiric Draining     Necr           18%        2d7       4%          3
c - Agony                 Necr           18%        N/A       36%         5
d - Animate Dead          Necr           18%        N/A       13%         4

Your spell library contained the following spells:

 Spells                   Type           Power      Damage    Failure   Level
 Apportation              Tloc           4%         N/A       22%         1
 Lesser Beckoning         Tloc           4%         N/A       32%         2
 Gell's Gravitas          Tloc           2%         N/A       54%         3
 Teleport Other           Tloc           2%         N/A       54%         3
 Alistair's Intoxication  Tmut/Pois      1%         N/A       99%         5
 Malign Gateway           Summ/Tloc      1%         N/A       100%        7
 Summon Horrible Things   Summ           1%         N/A       100%        8


Dungeon Overview and Level Annotations

Branches:
Dungeon (6/15)
 Temple: D:4-7

Altars:
Cheibriados
Nemelex Xobeh

Annotations:
D:4 Edmund


Innate Abilities, Weirdness & Mutations

You are immune to poison.
You have sharp fingernails.
Your flesh is cold resistant. (rC+)
You are immune to negative energy. (rN+++)
You do not regenerate when monsters are visible.
You are immune to unholy pain and torment.
You thrive by killing the living.


Message History

The wight attacks as you move away! The wight hits you but does no damage.
The wight attacks as you move away! You block the wight's attack.
The wight attacks as you move away! The wight hits you but does no damage.
There is a stone staircase leading up here.
The wight attacks as you move away!
The wight hits you with a +2 great sword of freezing!
The wight freezes you. The wight attacks as you move away!
You block the wight's attack. The wight closely misses you.
The wight attacks as you move away!
The wight hits you with a +2 great sword of freezing.
The wight hits you with a +2 great sword of freezing.
You hit the wight but do no damage. The wight hits you but does no damage.
You hit the wight.
The wight is lightly damaged.
The wight hits you with a +2 great sword of freezing.
The wight freezes you.
* * * LOW HITPOINT WARNING * * *
You hit the wight but do no damage.
The wight is lightly damaged.
The wight hits you from afar with a +0 halberd.
* * * LOW HITPOINT WARNING * * *
The wight misses you. The wight hits you but does no damage.
You barely miss the wight.
The wight is lightly damaged.
The wight hits you but does no damage.
The wight hits you with a +2 great sword of freezing!
* * * LOW HITPOINT WARNING * * *
The wight freezes you.
* * * LOW HITPOINT WARNING * * *
The wight misses you.
You hit the wight but do no damage.
The wight is lightly damaged.
The wight closely misses you.
The wight hits you with a +2 great sword of freezing.
* * * LOW HITPOINT WARNING * * *
The wight freezes you.
* * * LOW HITPOINT WARNING * * *
The wight hits you with a +0 dagger.
You die...

#.# #.# #.# #.#
##.## #.# ##...##
#.# ####.....#####
#z# .............#
# #.#
#.....###.##.# #z#
#.zzz.......# #.#
##@#####.########.#
### #..z.z.<...#
############


You could see 3 wights.

Vanquished Creatures
  An ice beast (D:4)
  A bullfrog (D:6)
  2 hounds (D:5)
  A jelly (D:5)
  3 iguanas (D:5)
  2 orc wizards (D:3)
  3 gnolls (D:5)
  6 adders
  2 worms
  3 dart slugs
  8 orcs
  7 bats
  7 endoplasms
  5 goblins
  6 hobgoblins
  11 jackals
  7 kobolds
  8 quokkas
  3 ball pythons
  4 rats
90 creatures vanquished.

Vanquished Creatures (collateral kills)
  A necrophage (D:5)
  A howler monkey (D:5)
  A jelly (D:5)
  2 adders (D:2)
  A ball python (D:2)
  A goblin (D:1)
  2 hobgoblins
  3 jackals (D:5)
  A bat (D:2)
13 creatures vanquished.

Vanquished Creatures (others)
  An orc wizard (D:3)
1 creature vanquished.

Grand Total: 104 creatures vanquished

Notes
Turn   | Place    | Note
-------+----------+-------------------------------------------
     0 | D:1      | CrazyBamboolord the Ghoul Necromancer began the quest for
                  | the Orb.
     0 | D:1      | Reached XP level 1. HP: 14/14 MP: 2/2
   209 | D:1      | Reached XP level 2. HP: 14/20 MP: 0/3
   505 | D:1      | Found a faded altar of an unknown god.
   685 | D:1      | Reached XP level 3. HP: 24/26 MP: 0/5
  1235 | D:2      | Learned a level 3 spell: Vampiric Draining
  1434 | D:2      | Reached XP level 4. HP: 34/34 MP: 4/6
  2259 | D:3      | Reached skill level 5 in Necromancy
  2481 | D:3      | Reached XP level 5. HP: 26/39 MP: 1/7
  2522 | D:3      | Reached skill level 1 in Fighting
  3193 | D:3      | Found a snail-covered altar of Cheibriados.
  3917 | D:4      | Reached XP level 6. HP: 47/47 MP: 4/9
  4227 | D:5      | Entered Level 5 of the Dungeon
  4298 | D:5      | Reached skill level 6 in Necromancy
  4362 | D:5      | Reached XP level 7. HP: 52/52 MP: 5/11
  4581 | D:5      | Noticed Edmund
  4982 | D:4      | Learned a level 5 spell: Agony
  5138 | D:5      | Found a sparkling altar of Nemelex Xobeh.
  5176 | D:5      | Learned a level 4 spell: Animate Dead
  6198 | D:6      | Slain by a wight

Illustrated notes

Levels and vault maps discovered:
D:1:      dpeg_arrival_three_same_balls, layout_rooms,
          hellmonk_ecumenical_altar_dog_temple, st_stairs_7
D:2:      layout_basic, hangedman_feature_mirror
D:3:      layout_basic, mainiacjoe_overflow_alcove_1, cheibriados_altar_1
D:4:      layout_rooms, serial_rivers, chequers_serial_rivers_micro_b,
          chequers_serial_rivers_micro_c, chequers_serial_rivers_small_b,
          chequers_serial_rivers_micro_b
D:5:      layout_gridville, overflow_temple_1_default, grunt_decor_resistance,
          uniq_edmund
D:6:      layout_loops_ring, minmay_temple_entry_tees, minmay_manual_mullet

Skill      XL: |  1  2  3  4  5  6  7 |
---------------+----------------------+-----
Dodging        | 2 3 |  3.1
Spellcasting   | 2 3 4 |  4.4
Necromancy     | 5 6 |  6.7
Fighting       | 1 2 |  2.1
Stealth        | |  2.3
Shields        | |  0.1

Action                     |  1- 3 |  4- 6 |  7- 9 || total
---------------------------+-------+-------+-------++-------
  Melee: Unarmed           |   106 |   121 |    30 ||   257
         Punch             |     1 |       |     1 ||     2
   Cast: Necrotise         |    54 |   133 |    36 ||   223
         Vampiric Draining |       |     5 |     9 ||    14
    Use: Scroll            |     2 |     1 |     7 ||    10
         Potion            |       |     3 |     3 ||     6
 Armour: Robe              |    46 |    73 |    34 ||   153
  Dodge: Dodged            |    93 |    94 |    53 ||   240
  Block: Other             |       |     5 |    25 ||    30

Table legend: (Time is in decaauts)
 A = Elapsed time spent in this place.
 B = Non-inter-level travel time spent in this place.
 C = Inter-level travel time spent in this place.
 D = Time resting spent in this place.
 E = Time spent auto-exploring this place.
 F = Levels seen in this place.
 G = Mean time per level.
                   A        B        C        D        E       F      G
               +--------+--------+--------+--------+--------+-----+--------+
         Total |   6168 |   6009 |    159 |    485 |   4228 |   6 | 1028.0 |
       Dungeon |   6168 |   6009 |    159 |    485 |   4228 |   6 | 1028.0 |
               +--------+--------+--------+--------+--------+-----+--------+

Top non-repeatable levels by time:
     D:5: 1502 daAuts
     D:3: 1461 daAuts
     D:1: 1133 daAuts
     D:2: 979 daAuts
     D:4: 923 daAuts
     D:6: 168 daAuts
